 Dungeon Crawl Stone Soup version 0.23-a0-422-g30b1108 (webtiles) character file.

81 Inarius the Skirmisher (level 4, -1/40 HPs)
             Began as a Ghoul Fighter on Nov 14, 2018.
             Killed by divine providence
             ... invoked by an orc priest
              (14 damage)
             ... on level 3 of the Dungeon.
             The game lasted 00:02:38 (1557 turns).

Inarius the Skirmisher (Ghoul Fighter)              Turns: 1557, Time: 00:02:39

Health: -1/40      AC: 10    Str: 19    XL:     4   Next: 42%
Magic:  3/3        EV:  5    Int:  4    God:
Gold:   91         SH:  8    Dex:  8    Spells: 3/3 levels left

rFire    . . .     SeeInvis .   a - +0 war axe
rCold    + . .     Gourm    .   c - +0 shield
rNeg     + + +     Faith    .   h - +0 chain mail (curse)
rPois    ∞         Spirit   .   (no helmet)
rElec    .         Reflect  .   e - +0 cloak
rCorr    .         Harm     .   (no gloves)
MR       .....                  (no boots)
Stlth    ..........             (no amulet)
HPRegen  0.00/turn              (no ring)
MPRegen  0.08/turn              (no ring)

@: rotting
A: rotting body, claws 1, carnivore, cold resistance 1, negative energy
resistance 3, inhibited regeneration, torment resistance, unbreathing
a: no special abilities


You were on level 3 of the Dungeon.
You were not hungry.

You visited 1 branch of the dungeon, and saw 3 of its levels.

You collected 91 gold pieces.

Inventory:

Hand Weapons
 a - a +0 war axe (weapon)
Missiles
 m - 8 javelins (quivered)
Armour
 c - a +0 shield (worn)
 e - a +0 cloak (worn)
 h - a cursed +0 chain mail (worn)
Scrolls
 b - 2 scrolls of identify {unknown}
 g - a scroll of fog {unknown}
 i - a scroll of remove curse {unknown}
 k - a scroll of teleportation {unknown}
 o - a scroll of enchant weapon {unknown}
 p - a scroll of random uselessness {unknown}
Potions
 d - 3 potions of might
 j - a potion of agility {unknown}
 l - a potion of magic {unknown}
 n - a potion of invisibility {unknown}
Comestibles
 f - 7 rations


   Skills:
 + Level 3.6 Fighting
 * Level 3.1 Axes
 + Level 3.2 Armour
 - Level 0.3 Dodging
 + Level 3.0 Shields


You had 3 spell levels left.
You didn't know any spells.
Your spell library was empty.

Dungeon Overview and Level Annotations

Branches:
Dungeon (3/15)

Altars:
Ashenzari
Dithmenos
Okawaru


Innate Abilities, Weirdness & Mutations

Your body is rotting away.
You thrive on raw meat.
You are immune to poison.
You have sharp fingernails.
You are carnivorous and can eat meat at any time.
Your flesh is cold resistant. (rC+)
You are immune to negative energy. (rN+++)
You do not regenerate when monsters are visible.
You are immune to unholy pain and torment.
You can survive without breathing.


Message History

You block the bat's attack. The bat hits you but does no damage. x2
The orc priest hits you but does no damage.
The orc hits you but does no damage.
You barely miss the orc priest.
The orc priest is severely wounded.
Your shield and chain mail prevent you from hitting the orc.
You slash the bat!
You kill the bat!
The orc priest hits you but does no damage.
You block the orc's attack.
The orc priest calls upon Beogh to heal the orc.
The orc's wounds heal themselves!
You closely miss the orc priest.
The orc priest is severely wounded.
You hit the orc but do no damage. You hit the orc priest.
The orc priest invokes the aid of Beogh against you.
Beogh smites you! The orc barely misses you.
The orc priest invokes the aid of Beogh against you.
Beogh smites you!
You die...

#####.# #.....# #
########.##..##.###
##........##.......#
..............####.#
....$.....#......#
........>.#..)#..#
......).......#....#
##....o@o.##.## ####
######o####...


Kg. ...#. ..... ...+ ......$.. ......... #.....%.... #........... You could see
2 orc priests, an orc, a hobgoblin and a kobold.

Vanquished Creatures
  Jessica (D:2)
  A worm (D:2)
  A leopard gecko (D:2)
  An orc (D:3)
  7 bats
  5 giant cockroaches (D:1)
  5 goblins
  11 hobgoblins
  3 kobolds
  A quokka (D:3)
  2 frilled lizards
  7 rats
45 creatures vanquished.

Notes
Turn   | Place    | Note
-------+----------+-------------------------------------------
     0 | D:1      | Inarius the Ghoul Fighter began the quest for the Orb.
     0 | D:1      | Reached XP level 1. HP: 19/19 MP: 0/0
   105 | D:1      | Reached XP level 2. HP: 24/26 MP: 1/1
   325 | D:1      | Reached XP level 3. HP: 29/31 MP: 2/2
   987 | D:2      | Found a shadowy altar of Dithmenos.
  1059 | D:2      | Noticed Jessica
  1070 | D:2      | Killed Jessica
  1070 | D:2      | Reached XP level 4. HP: 34/39 MP: 3/3
  1292 | D:2      | Found an iron altar of Okawaru.
  1427 | D:3      | Found a shattered altar of Ashenzari.
  1557 | D:3      | Killed from afar by an orc priest

Vault maps used:
D:1:      erik_arrival_triangle_small, serial_bayou_pond_a
D:2:      nicolae_overflow_hidden_temple, grunt_dithmenos_smoke, uniq_jessica
D:3:      overflow_temple_1_default, tgw_trog, lemuel_crystal_altar,
          ashenzari_altar_1, roderic_batcave

Skill      XL: |  1  2  3  4 |
---------------+-------------+-----
Axes           | 2 3 |  3.1
Armour         | 3 |  3.2
Shields        | 3 |  3.0
Fighting       | |  3.6
Dodging        | |  0.3

Action                   |  1- 3 |  4- 6 || total
-------------------------+-------+-------++-------
Melee: War axe           |   109 |    65 ||   174
  Eat: Chunk             |    20 |     6 ||    26
Armor: Scale mail        |    23 |       ||    23
       Chain mail        |    60 |    45 ||   105
Dodge: Dodged            |    37 |    19 ||    56
Block: Shield            |    73 |    35 ||   108

Table legend:
 A = Non-vault XP
 B = Vault XP
 C = Vault XP percentage of total XP
 D = Non-vault monster count
 E = Vault monster count
 F = Vault count percentage of total count
                 A         B        C        D         E       F
            +---------+---------+-------+---------+---------+-------
      Total |      80 |      37 |  31.6 |      44 |       1 |   2.2
            +---------+---------+-------+---------+---------+-------
        D:1 |      48 |       0 |   0.0 |      28 |       0 |   0.0
        D:2 |      21 |      37 |  63.8 |      10 |       1 |   9.1
        D:3 |      11 |       0 |   0.0 |       6 |       0 |   0.0
            +---------+---------+-------+---------+---------+-------
